 Dungeon Crawl Stone Soup version 0.27-a0-1299-g1ab19c6527 (webtiles) character file.

Game seed: 8646484869113570864

86 freelancePsychic the Chopper (level 4, -3/37 HPs)
             Began as a Palentonga Abyssal Knight on June 16, 2021.
             Was a Believer of Lugonu.
             Slain by a gnoll (11 damage)
             ... on level 2 of the Dungeon.
             The game lasted 00:04:07 (2555 turns).

freelancePsychic the Chopper (PaAK)                 Turns: 2555, Time: 00:04:07

Health: -3/37      AC:  6    Str: 16    XL:     4   Next: 27%
Magic:  5/5        EV:  9    Int: 13    God:    Lugonu [**....]
Gold:   72         SH:  0    Dex:  9    Spells: 3/3 levels left

rFire    . . .     SeeInvis +   d - +0 great sword
rCold    . . .     Faith    .   (shield currently unavailable)
rNeg     . . .     Spirit   .   b - +0 leather armour
rPois    .         Reflect  .   k - +1 helmet
rElec    .         Harm     .   (no cloak)
rCorr    .         Rampage  .   (no gloves)
Will     .....                  (no barding)
Stlth    +.........             (no amulet)
HPRegen  0.12/turn              (no ring)
MPRegen  0.09/turn              (no ring)

@: no status effects
A: large, rugged brown scales 3, see invisible, deformed body, roll 1, armoured
tail
a: Rolling Charge, Renounce Religion, Depart the Abyss, Bend Space


You were on level 2 of the Dungeon.
You worshipped Lugonu.
Lugonu was pleased with you.
You visited 1 branch of the dungeon, and saw 3 of its levels.
You visited the Abyss 1 time.

You collected 72 gold pieces.

Inventory:

Hand Weapons
 a - a +1 hand axe
 d - a +0 great sword (weapon)
Armour
 b - a +0 leather armour (worn)
 k - a +1 helmet (worn)
Jewellery
 j - a ring of magical power
Potions
 c - a potion of mutation {unknown}
 f - a potion of brilliance {unknown}
 i - a potion of invisibility


   Skills:
 - Level 3.0 Fighting
 * Level 3.1 Long Blades
 - Level 3.1 Axes
 - Level 1.5 Armour
 - Level 0.7 Dodging
 - Level 2.0 Invocations


You had 3 spell levels left.
You didn't know any spells.
Your spell library contained the following spells:

 Spells                   Type           Power      Damage    Failure   Level
 Animate Skeleton         Necr           0%         N/A       36%         1
 Corona                   Hex            0%         N/A       36%         1
 Pain                     Necr           0%         1d4       36%         1
 Ensorcelled Hibernation  Hex/Ice        0%         N/A       50%         2
 Confusing Touch          Hex            0%         N/A       75%         3
 Dazzling Flash           Conj/Hex       0%         N/A       75%         3
 Tukima's Dance           Hex            0%         N/A       75%         3
 Vampiric Draining        Necr           0%         2d6       75%         3
 Animate Dead             Necr           0%         N/A       98%         4
 Agony                    Necr           0%         N/A       100%        5


Dungeon Overview and Level Annotations

Branches:
Dungeon (3/15)

Altars:

Annotations:
D:3 Sigmund


Innate Abilities, Weirdness & Mutations

You are completely covered in rugged brown scales. (AC +3, +7% HP)
You have supernaturally acute eyesight. (SInv)
Armour fits poorly on your strangely shaped body.
You can roll at nearby foes to attack.
You have a long armoured tail.


Message History

There is a stone staircase leading down here.
You climb downwards.
You hear the sound of rushing water.
There is an entrance to a sewer on this level.
Hurry and find it before the portal rusts away!
Level annotation: Sigmund You hear the slow rusting of a very distant drain.
A gnoll comes into view. It is wielding a +0 flail.
The gnoll shouts!
A gnoll comes into view. It is wielding a +0 flail.
There is a stone staircase leading up here.
You roll forward with a clatter of scales!
You closely miss the gnoll.
A goblin comes into view. It is wielding a +0 dagger.
The goblin shouts!
The gnoll shouts!
The gnoll hits you with a +0 flail.
You barely miss the gnoll. The gnoll hits you with a +0 flail.
The gnoll barely misses you.
You riposte.
You slash the gnoll!
You kill the gnoll!
Lugonu accepts your kill.
Your Long Blades skill increases to level 3!
You are too injured to fight recklessly!
Roll where?
Press: ? - help, Dir - move target, f - gnoll
Aim: a gnoll, wielding a +0 flail You roll forward with a clatter of scales!
You hit the gnoll but do no damage. The gnoll hits you but does no damage.
A gnoll comes into view. It is wielding a +0 flail.
You barely miss the gnoll. The gnoll hits you with a +0 flail.
The gnoll hits you with a +0 flail!
* * * LOW HITPOINT WARNING * * *
A gnoll comes into view. It is wielding a +0 club.
The gnoll shouts!
There is a stone staircase leading up here.
The gnoll barely misses you.
You climb upwards.
There is a stone staircase leading down here.
You hit the gnoll.
The gnoll is heavily wounded.
The gnoll hits you with a +0 flail!
You die...

#.# #.# #............# #.###
#.# #.###.##.#######.# ##.###
#.# #....###)# #.# #..... #.#
#.#.## #)#######.## #..###
#.###.#.# ##..........###..#
#.......# #.....####....>..#
#####.#####.###.# #.####.##
########.......[g#.# #.# #.#
#...(.########.#@#.####.# #.#
#.##..................#.# #.#
#.#.....########.####.#.####.#
#.#....## #.# #.#.##..(#
#.#.#.## #.# #.#.##...#
#.#.#.# #.# #.#.##...####
#.#.#.# #.# #.#.........#
#.#.#.#### #.# ##.#.........#
#.....)..# #.# #..#.........#


You could see a gnoll.

Vanquished Creatures
  Robin (D:2)
  A gnoll (D:3)
  A worm (D:2)
  A dart slug (D:1)
  8 bats
  7 endoplasms
  5 hobgoblins
  5 jackals
  3 ball pythons
  3 frilled lizards (D:1)
  12 goblins
  2 kobolds
  6 rats
55 creatures vanquished.

Vanquished Creatures (others)
  4 toadstools (D:1)
4 creatures vanquished.

Grand Total: 59 creatures vanquished

Notes
Turn   | Place    | Note
-------+----------+-------------------------------------------
     0 | Abyss:1  | freelancePsychic the Palentonga Abyssal Knight began the
                  | quest for the Orb.
     0 | Abyss:1  | Reached XP level 1. HP: 19/19 MP: 2/2
    45 | Abyss:1  | Noticed a large abomination
    48 | D:1      | Escaped the Abyss
   158 | D:1      | Reached XP level 2. HP: 14/25 MP: 3/3
   347 | D:1      | Reached * piety under Lugonu
   366 | D:1      | Found a faded altar of an unknown god.
   859 | D:1      | Reached skill level 1 in Long Blades
  1280 | D:1      | Reached XP level 3. HP: 30/31 MP: 4/4
  2132 | D:2      | Reached ** piety under Lugonu
  2185 | D:2      | Noticed Robin
  2188 | D:2      | Killed Robin
  2194 | D:2      | Reached XP level 4. HP: 37/37 MP: 5/5
  2519 | D:3      | Noticed Sigmund
  2555 | D:2      | Slain by a gnoll

Illustrated notes

Levels and vault maps discovered:
D:1:      ldierk_walled_garden_2, layout_basic,
          hellmonk_ecumenical_altar_run_dry
D:2:      layout_loops_ring, uniq_robin
D:3:      layout_loops_cross, gup_sewer_entry_spiral, uniq_sigmund

Skill      XL: |  1  2  3  4 |
---------------+-------------+-----
Axes           | 3 |  3.1
Long Blades    | 1 2 3 |  3.1
Fighting       | |  3.0
Armour         | |  1.5
Dodging        | |  0.7
Invocations    | |  2.0

Action                   |  1- 3 |  4- 6 || total
-------------------------+-------+-------++-------
Melee: Hand axe          |    42 |       ||    42
       Tailslap          |     8 |     2 ||    10
       Great sword       |    85 |    24 ||   109
Invok: Depart the Abyss  |     1 |       ||     1
 Abil: Rolling Charge    |    24 |     5 ||    29
  Use: Scroll            |       |     3 ||     3
Armor: Leather armour    |    67 |    14 ||    81
Dodge: Dodged            |    64 |    22 ||    86
       Rpst.: Great sword |    17 |     9 ||    26

Table legend: (Time is in decaauts)
 A = Elapsed time spent in this place.
 B = Non-inter-level travel time spent in this place.
 C = Inter-level travel time spent in this place.
 D = Time resting spent in this place.
 E = Time spent auto-exploring this place.
 F = Levels seen in this place.
 G = Mean time per level.
                   A        B        C        D        E       F      G
               +--------+--------+--------+--------+--------+-----+--------+
         Total |   2628 |   2551 |     77 |      0 |   2161 |   4 |  657.0 |
       Dungeon |   2580 |   2503 |     77 |      0 |   2116 |   3 |  860.0 |
         Abyss |     48 |     48 |      0 |      0 |     45 |   1 |   48.0 |
               +--------+--------+--------+--------+--------+-----+--------+

Top non-repeatable levels by time:
     D:1: 1328 daAuts
     D:2: 1195 daAuts
     D:3: 57 daAuts
 Abyss:1: 48 daAuts
